 Dungeon Crawl Stone Soup version 0.31-a0-543-geaa9c7a2c0 (webtiles) character file.

Game seed: 7254308303289403492

119 JackS81 the Grave Robber (level 4, -3/30 HPs)
             Began as a Demonspawn Necromancer on Aug 15, 2023.
             Slain by an orc
             ... wielding a +0 flail
              (8 damage)
             ... on level 3 of the Dungeon.
             The game lasted 00:11:40 (2780 turns).

JackS81 the Grave Robber (Demonspawn Necromancer)   Turns: 2780, Time: 00:11:41

Health: -3/30      AC:  5    Str:  8    XL:     4   Next: 74%
Magic:  1/9        EV: 12    Int: 17    God:
Gold:   114        SH:  0    Dex: 15    Spells: 1/9 levels left

rFire   . . .        f - +2 whip (drain)
rCold   . . .        (no shield)
rNeg    . . .        a - +0 robe
rPois   .            (no helmet)
rElec   .            l - +0 cloak
rCorr   .            (no gloves)
SInv    .            g - +0 pair of boots
Will    +....        (no amulet)
Stlth   ++           (no ring)
HPRegen 0.25/turn    (no ring)
MPRegen 0.11/turn

%: no passive effects
@: attractive, animating dead, enlightened, flying
A: rugged brown scales 1, demonic touch 1
a: no special abilities


You were on level 3 of the Dungeon.
You visited 1 branch of the dungeon, and saw 3 of its levels.

You collected 114 gold pieces.

Inventory:

Hand Weapons
 f - a +2 whip of draining (weapon)
 h - a +0 dagger
Missiles
 r - 5 stones
 s - 2 poisoned darts
Armour
 a - a +0 robe (worn)
 c - a +0 buckler
 g - a +0 pair of boots (worn)
 l - a +0 cloak (worn)
Scrolls
 d - a scroll of amnesia {unknown}
 j - 2 scrolls of butterflies {unknown}
 k - a scroll of torment {unknown}
 n - 2 scrolls of blinking {unknown}
 o - a scroll of fog {unknown}
 q - 2 scrolls of identify {unknown}
 t - a scroll of brand weapon {unknown}
Potions
 b - a potion of magic
 i - a potion of curing
 p - a potion of invisibility {unknown}


   Skills:
 - Level 1.7 Dodging
 - Level 1.7 Stealth
 - Level 3.3 Spellcasting
 * Level 5.9 Necromancy


You had one spell level left.
You knew the following spells:

 Your Spells              Type           Power      Damage    Failure   Level
a - Necrotise             Necr           88%        1d8       1%          1
b - Vampiric Draining     Necr           22%        2d7       4%          3
c - Animate Dead          Necr           22%        N/A       16%         4

Your spell library contained the following spells:

 Spells                   Type           Power      Damage    Failure   Level
 Ensorcelled Hibernation  Hex/Ice        4%         N/A       26%         2
 Lesser Beckoning         Tloc           4%         N/A       26%         2
 Passwall                 Tmut/Erth      1%         N/A       26%         2
 Agony                    Necr           22%        N/A       38%         5
 Gell's Gravitas          Tloc           2%         N/A       45%         3
 Ozocubu's Armour         Ice            2%         N/A       45%         3
 Swiftness                Air            2%         N/A       45%         3
 Teleport Other           Tloc           2%         N/A       45%         3
 Ozocubu's Refrigeration  Ice            1%         4d7       100%        7


Dungeon Overview and Level Annotations

Branches:
Dungeon (3/15)

Altars:
Uskayaw

Shops:
D:2 [


Innate Abilities, Weirdness & Mutations

You are partially covered in rugged brown scales. (AC +1, +3% HP)
Your touch may inflict minor irresistible damage on your foes.


Message History

A bat comes into view.
Your orc zombie hits the orc priest.
The orc hits you with a +0 flail!
The orc priest hits you with a +0 flail.
Unknown command.
It was a potion of attraction.
You feel attractive to monsters.
The orc priest hits you with a +0 flail.
The orc hits you but does no damage.
Your orc zombie hits the orc priest but does no damage.
The bat is attracted toward you.
You closely miss the bat. The bat hits you but does no damage. x2
Your orc zombie misses the orc priest.
The orc priest barely misses you. The orc hits you with a +0 flail.
Your orc zombie hits the orc priest but does no damage.
You barely miss the bat.
You touch the bat.
You kill the bat!
The dead are flying!
Your orc zombie misses the orc priest.
The orc completely misses you. The orc priest closely misses you.
Your orc zombie hits the orc priest but does no damage.
You swap places.
Your bat zombie barely misses the orc.
Your bat zombie hits the orc but does no damage.
The orc hits your bat zombie with a +0 flail!
Your bat zombie is destroyed!
The orc is attracted toward you.
You hit the orc.
The orc is almost dead.
The orc barely misses you.
The orc priest hits you with a +0 flail.
* * * LOW HITPOINT WARNING * * *
Your orc zombie hits the orc priest but does no damage.
It was a potion of enlightenment.
You feel very buoyant.
You fly up into the air.
The orc hits you with a +0 flail.
* * * LOW HITPOINT WARNING * * *
The orc priest barely misses you.
Your orc zombie closely misses the orc priest. x2
You hit the orc but do no damage.
The orc is almost dead.
The orc hits you with a +0 flail!
You die...

#PP.#..#.#.### .
.#......... ...
#b##........#....
#####....#...#....
.................
#####....#..)....#.....
#.....................
.###)Zo.#.......#...#
......Zo@.....#.#....#.§§
.......###.#..#.#....#§§.
.....## #....#.#....#≈.§
...## ..####.#.#....#≈.≈
.# #.............#≈.≈
...###..#.##Z###§.§
#......##.# #§≈§
#..#.##...###§§§
......##.#....###


You could see an orc priest (ally target), an orc and 2 friendly orc zombies.

Vanquished Creatures
  3 gnolls
  3 adders
  3 orcs (D:3)
  4 bats
  8 endoplasms
  3 giant cockroaches
  2 goblins (D:3)
  5 hobgoblins
  2 jackals (D:2)
  2 quokkas (D:1)
  A ball python (D:2)
  4 frilled lizards
  5 kobolds
  6 rats
51 creatures vanquished.

Vanquished Creatures (collateral kills)
  An adder (D:3)
  A goblin (D:1)
2 creatures vanquished.

Vanquished Creatures (others)
  A bat zombie (D:3)
1 creature vanquished.

Grand Total: 54 creatures vanquished

Notes
Turn   | Place    | Note
-------+----------+-------------------------------------------
     0 | D:1      | JackS81 the Demonspawn Necromancer began the quest for the
                  | Orb.
     0 | D:1      | Reached XP level 1. HP: 13/13 MP: 3/3
   360 | D:1      | Gained mutation: Your touch may inflict minor irresistible
                  | damage on your foes. [demonic ancestry]
   360 | D:1      | Reached XP level 2. HP: 19/19 MP: 1/5
   565 | D:1      | Reached skill level 5 in Necromancy
   955 | D:2      | Gained mutation: You are partially covered in rugged brown
                  | scales. (AC +1, +3% HP) [demonic ancestry]
   955 | D:2      | Reached XP level 3. HP: 19/24 MP: 3/6
   959 | D:2      | Learned a level 3 spell: Vampiric Draining
  1674 | D:2      | Found Mikhoa's Armour Shop.
  1756 | D:2      | Reached XP level 4. HP: 30/30 MP: 4/8
  2147 | D:3      | Learned a level 4 spell: Animate Dead
  2397 | D:3      | Found a hide-covered altar of Uskayaw.
  2780 | D:3      | Slain by an orc

Illustrated notes

Levels and vault maps discovered:
D:1:      minmay_arrival_hallway, layout_loops_ring
D:2:      layout_basic, serial_shops, shop, minivault_19
D:3:      layout_basic, mainiacjoe_overflow_paths, general_overflow_altar,
          mainiacjoe_overflow_divided_tiny, serial_aquarium,
          aquarium_bridge_straight [aquarium_subvault_bridge,
          aquarium_subvault_wall, aquarium_subvault_bridge,
          aquarium_subvault_wall], aquarium_window_1, aquarium_window_1,
          aquarium_window_1, aquarium_window_2, aquarium_view_2f,
          aquarium_view_2d, aquarium_pool_double, minmay_misc_feat_five,
          grunt_ministairs_14, minmay_tree_intersection,
          hangedman_decor_peaks_small

Skill      XL: |  1  2  3 |
---------------+----------+-----
Necromancy     | 5 |  5.9
Spellcasting   | 3 |  3.3
Dodging        | |  1.7
Stealth        | |  1.7

Action                     |  1- 3 |  4- 6 || total
---------------------------+-------+-------++-------
  Melee: Unarmed           |     3 |       ||     3
         Dagger            |    19 |       ||    19
         Touch             |     1 |     3 ||     4
         Whip              |       |    12 ||    12
         Punch             |       |     1 ||     1
  Throw: Dart              |     2 |     2 ||     4
   Cast: Necrotise         |    46 |    33 ||    79
         Vampiric Draining |     1 |       ||     1
         Animate Dead      |       |     3 ||     3
    Use: Potion            |       |     3 ||     3
   Stab: Sleeping          |     3 |     1 ||     4
         Distracted        |     1 |       ||     1
 Armour: Robe              |     9 |     7 ||    16
  Dodge: Dodged            |    15 |    18 ||    33

Table legend: (Time is in decaauts)
 A = Elapsed time spent in this place.
 B = Non-inter-level travel time spent in this place.
 C = Inter-level travel time spent in this place.
 D = Time resting spent in this place.
 E = Time spent auto-exploring this place.
 F = Levels seen in this place.
 G = Mean time per level.
                   A        B        C        D        E       F      G
               +--------+--------+--------+--------+--------+-----+--------+
         Total |   2779 |   2721 |     58 |    265 |   1983 |   3 |  926.3 |
       Dungeon |   2779 |   2721 |     58 |    265 |   1983 |   3 |  926.3 |
               +--------+--------+--------+--------+--------+-----+--------+

Top non-repeatable levels by time:
     D:2: 1045 daAuts
     D:1: 942 daAuts
     D:3: 792 daAuts
